 Dungeon Crawl Stone Soup version 0.28-a0-245-g639a1a48b9 (webtiles) character file.

Game seed: 6313292448932905278

121 Demosthentine the Poker (level 5, 0/41 HPs)
             Began as a Merfolk Gladiator on Aug 23, 2021.
             Slain by an orc wizard (3 damage)
             ... on level 4 of the Dungeon on Aug 24, 2021.
             The game lasted 00:04:04 (2786 turns).

Demosthentine the Poker (Merfolk Gladiator)         Turns: 2786, Time: 00:04:04

Health: 0/41       AC:  4    Str: 16    XL:     5   Next: 5%
Magic:  5/5        EV: 13    Int:  7    God:
Gold:   85         SH:  0    Dex: 15    Spells: 4/4 levels left

rFire   . . .      SeeInvis .   a - +1 trident
rCold   . . .      Faith    .   (no shield)
rNeg    . . .      Spirit   .   b - +0 leather armour
rPois   .          Reflect  .   c - +0 helmet
rElec   .          Harm     .   (no cloak)
rCorr   .          Rampage  .   (no gloves)
Will    .....                   (no boots)
Stlth   +.........              (no amulet)
HPRegen 0.13/turn               (no ring)
MPRegen 0.09/turn               (no ring)

@: no status effects
A: (nimble swimmer 2), mertail
a: no special abilities


You were on level 4 of the Dungeon.
You visited 1 branch of the dungeon, and saw 4 of its levels.

You collected 85 gold pieces.

Inventory:

Hand Weapons
 a - a +1 trident (weapon)
Missiles
 d - 3 throwing nets (quivered)
Armour
 b - a +0 leather armour (worn)
 c - a +0 helmet (worn)
Jewellery
 h - a +6 ring of strength
Wands
 l - a wand of flame (4)
Scrolls
 j - 2 scrolls of amnesia
Potions
 g - a potion of berserk rage
 i - a potion of brilliance
 k - a potion of cancellation
 m - a potion of degeneration {unknown}


   Skills:
 + Level 3.3 Fighting
 + Level 5.5 Polearms
 - Level 2.0 Throwing
 + Level 1.4 Armour
 + Level 5.0 Dodging


You had 4 spell levels left.
You didn't know any spells.
Your spell library was empty.

Dungeon Overview and Level Annotations

Branches:
Dungeon (4/15)
 Temple: D:4-7

Altars:
Kikubaaqudgha
Vehumet


Innate Abilities, Weirdness & Mutations

((You are quick and stealthy near water. (Stealth+, EV+, Speed+++)))
Your lower body shifts to a powerful aquatic tail in water.


Message History

The orc wizard hits you with a +0 dagger.
You're too confused to move!
Something hits you.
The orc wizard hits you with a +0 dagger.
Unknown command.
Unknown command.
Something hits you.
* * * LOW HITPOINT WARNING * * *
The orc wizard hits you but does no damage.
Unknown command.
You feel much better. Something hits you but does no damage.
The orc wizard gestures at you while chanting.
The magic dart hits you.
You bump into the closed door.
An orc wizard appears from thin air!
Reactivating autopickup.
The orc wizard gestures at you while chanting.
The puff of flame hits you!
The orc wizard hits you with a +0 dagger.
The orc wizard hits you but does no damage.
The orc wizard hits you with a +0 dagger.
You bump into the rock wall.
The orc wizard hits you with a +0 dagger.
The orc wizard points at you and mumbles some strange words.
The magic dart hits you!
* * * LOW HITPOINT WARNING * * *
You hit the orc wizard but do no damage.
The orc wizard is heavily wounded.
The orc wizard hits you with a +0 dagger.
* * * LOW HITPOINT WARNING * * *
The orc wizard hits you with a +0 dagger.
* * * LOW HITPOINT WARNING * * *
You miss the orc wizard.
The orc wizard hits you with a +0 dagger.
* * * LOW HITPOINT WARNING * * *
The orc wizard hits you but does no damage.
Unknown command.
You hit the orc wizard.
The orc wizard is severely wounded.
You feel less confused.
The orc wizard hits you with a +0 dagger.
You die...

##...)._# ##....#..#
#.....#### ###.⌠.⌠.#..#
#....⌠.)'._#
#.#.⌠.⌠.#..#
##+#####+####.#.....####
#.$.....o>....##....#
#......@o.)....##...+
#.......#.#####.##..#
#########.#####..######
.....................
#######.#.........#.#
#.#....<....+
#.#.........#
#.####..##### #.# #..#


You could see 2 orc wizards.

Vanquished Creatures
  2 orc wizards (D:4)
  2 adders
  A dart slug (D:1)
  An orc (D:3)
  7 ball pythons
  3 bats (D:2)
  4 endoplasms (D:1)
  A giant cockroach (D:2)
  3 goblins
  5 hobgoblins
  7 jackals
  4 frilled lizards
  7 kobolds
  5 rats
52 creatures vanquished.

Vanquished Creatures (others)
  An orc wizard (D:4)
1 creature vanquished.

Grand Total: 53 creatures vanquished

Notes
Turn   | Place    | Note
-------+----------+-------------------------------------------
     0 | D:1      | Demosthentine the Merfolk Gladiator began the quest for the
                  | Orb.
     0 | D:1      | Reached XP level 1. HP: 16/16 MP: 1/1
     0 | D:1      | Upgraded the game from 0.28-a0-239-g68911e0c57 to
                  | 0.28-a0-245-g639a1a48b9
   358 | D:1      | Reached XP level 2. HP: 13/23 MP: 2/2
   809 | D:1      | Reached XP level 3. HP: 26/28 MP: 3/3
  1460 | D:2      | Reached skill level 5 in Polearms
  1627 | D:2      | Reached skill level 1 in Armour
  2136 | D:3      | Reached XP level 4. HP: 34/34 MP: 4/4
  2471 | D:3      | Found a faded altar of an unknown god.
  2709 | D:4      | Found a radiant altar of Vehumet.
  2737 | D:4      | Found an ancient bone altar of Kikubaaqudgha.
  2741 | D:4      | Reached skill level 5 in Dodging
  2741 | D:4      | Reached XP level 5. HP: 39/41 MP: 5/5
  2786 | D:4      | Slain by an orc wizard

Illustrated notes

Levels and vault maps discovered:
D:1:      minmay_arrival_solitary_statue, layout_loops_ring,
          chequers_serial_rivers_micro_d
D:2:      minmay_door_path, layout_loops_ring
D:3:      layout_basic, hellmonk_ecumenical_altar_dog_temple
D:4:      layout_basic, palyth_temple_overflow_mages, slow_altar_2,
          grunt_temple_overflow_cloverleaf

Skill      XL: |  1  2  3  4 |
---------------+-------------+-----
Polearms       | 5 |  5.5
Armour         | 1 |  1.4
Fighting       | 3 |  3.3
Dodging        | 5 |  5.0
Throwing       | |  2.0

Action                   |  1- 3 |  4- 6 || total
-------------------------+-------+-------++-------
Melee: Trident           |   134 |    47 ||   181
  Use: Scroll            |     5 |     3 ||     8
       Potion            |       |     3 ||     3
 Stab: Sleeping          |     2 |       ||     2
       Distracted        |     1 |       ||     1
Armor: Leather armour    |    19 |    20 ||    39
Dodge: Dodged            |    74 |    24 ||    98

Table legend: (Time is in decaauts)
 A = Elapsed time spent in this place.
 B = Non-inter-level travel time spent in this place.
 C = Inter-level travel time spent in this place.
 D = Time resting spent in this place.
 E = Time spent auto-exploring this place.
 F = Levels seen in this place.
 G = Mean time per level.
                   A        B        C        D        E       F      G
               +--------+--------+--------+--------+--------+-----+--------+
         Total |   2795 |   2765 |     30 |      0 |   2328 |   4 |  698.8 |
       Dungeon |   2795 |   2765 |     30 |      0 |   2328 |   4 |  698.8 |
               +--------+--------+--------+--------+--------+-----+--------+

Top non-repeatable levels by time:
     D:1: 1130 daAuts
     D:2: 797 daAuts
     D:3: 772 daAuts
     D:4: 94 daAuts
